 Dungeon Crawl Stone Soup version 0.20-a0-386-g2d247ea (webtiles) character file.

315 KristoblXynda the Ducker (level 6, -2/76 HPs)
             Began as a Draconian Monk on Dec 29, 2016.
             Slain by an orc
             ... wielding a +0 mace
              (3 damage)
             ... on level 4 of the Dungeon.
             The game lasted 00:05:48 (1990 turns).

KristoblXynda the Ducker (Draconian Monk)           Turns: 1990, Time: 00:05:48

Health: -2/76      AC:  7    Str: 19    XL:     6   Next: 19%
Magic:  6/6        EV: 14    Int: 12    God:
Gold:   101        SH:  0    Dex: 13    Spells: 5/5 levels left

rFire  . . .     SeeInvis .     l - +2 dagger (venom)
rCold  . . .     Gourm    .     (armour unavailable)
rNeg   . . .     Faith    .     (no shield)
rPois  .         Spirit   .     (helmet restricted)
rElec  .         Reflect  .     f - +0 cloak (curse)
rCorr  .         Harm     .     (no gloves)
MR     .....                    (no boots)
Stlth  ..........               (no amulet)
                                (no ring)
                                (no ring)

@: berserking (expiring), very quick
A: unfitting armour, cold-blooded, AC +6
a: no special abilities


You were on level 4 of the Dungeon.
You were not hungry.

You visited 1 branch of the dungeon, and saw 4 of its levels.

You collected 101 gold pieces.

Inventory:

Hand Weapons
 l - a +2 dagger of venom (weapon)
Armour
 f - a cursed +0 cloak (worn)
Scrolls
 d - 2 scrolls of fear
 e - a scroll of teleportation
Potions
 c - a potion of lignification
 g - a potion of heal wounds
 j - a potion of agility {unknown}
 o - a potion of degeneration {unknown}
 q - a potion of resistance
Comestibles
 a - a bread ration
 k - 2 meat rations
 m - a beef jerky


   Skills:
 - Level 3.2 Fighting
 - Level 2.0 Short Blades
 + Level 4.2 Dodging
 + Level 3.9 Stealth
 + Level 4.0 Unarmed Combat


You had 5 spell levels left.
You didn't know any spells.

Dungeon Overview and Level Annotations

Branches:
Dungeon (4/15)
 Temple: D:4-7

Altars:
Elyvilon

Annotations:
D:3 1 runed door
D:4 Hexogen's ghost, amateur HuFi


Innate Abilities, Weirdness & Mutations

Your plain brown scales are hard. (AC +6)
You cannot fit into any form of body armour.
You are cold-blooded and may be slowed by cold attacks.


Message History

You hit the orc warrior.
The orc warrior is poisoned.
You tail-slap the orc warrior, but do no damage.
The orc warrior is lightly wounded.
You puncture the orc warrior!
The orc warrior looks as sick as possible!
The orc warrior is severely wounded.
The orc warrior hits you with a glaive.
* * * LOW HITPOINT WARNING * * *
The orc barely misses you. x2
You hit the orc warrior but do no damage.
Your tail-slap misses the orc warrior.
The orc warrior is severely wounded.
The orc wizard casts a spell.
The orc wizard flickers and vanishes!
You closely miss the orc warrior.
The orc warrior is severely wounded.
The orc warrior closely misses you. Something completely misses you.
You hit the orc but do no damage.
The orc is poisoned.
The orc hits you with a mace.
You die...

######...#
#.$......#
#.....(..#
#........#
#........#
#........#
#........#
#.oo{....#
#.@o.....#
#........#
#.?....[.#
##########


You could see an orc warrior and 2 orcs.

Vanquished Creatures
  Sigmund (D:3)
  Jessica (D:3)
  Terence (D:3)
  5 adders
  An ooze (D:1)
  An adder skeleton (D:3)
  3 worms
  A dart slug (D:2)
  2 leopard geckos
  An orc (D:3)
  3 bats
  A giant cockroach (D:1)
  7 goblins
  7 hobgoblins
  4 jackals (D:3)
  2 quokkas (D:3)
  A frilled lizard (D:1)
  8 kobolds
  4 rats
54 creatures vanquished.

Notes
Turn   | Place    | Note
-------+----------+-------------------------------------------
     0 | D:1      | KristoblXynda the Draconian Monk began the quest for the Orb.
     0 | D:1      | Reached XP level 1. HP: 19/19 MP: 1/1
   150 | D:1      | Reached XP level 2. HP: 21/26 MP: 2/2
   687 | D:2      | Reached XP level 3. HP: 22/31 MP: 3/3
  1065 | D:2      | Reached XP level 4. HP: 35/38 MP: 4/4
  1314 | D:3      | Noticed Jessica
  1318 | D:3      | Noticed Terence
  1339 | D:3      | Killed Jessica
  1346 | D:3      | Killed Terence
  1439 | D:3      | Reached XP level 5. HP: 45/45 MP: 5/5
  1570 | D:3      | Found a white marble altar of Elyvilon.
  1570 | D:3      | Noticed an angel
  1571 | D:3      | Found a runed door.
  1739 | D:3      | Noticed Sigmund
  1755 | D:3      | Killed Sigmund
  1755 | D:3      | Reached skill level 1 in Short Blades
  1755 | D:3      | Reached XP level 6. HP: 51/51 MP: 6/6
  1951 | D:4      | Noticed Hexogen's ghost (amateur HuFi)
  1975 | D:4      | Noticed an orc warrior
  1985 | D:4      | HP: 3/76 [orc/mace (2)]
  1987 | D:4      | HP: 1/76 [orc warrior/glaive (3)]
  1990 | D:4      | Slain by an orc

Vault maps used:
D:1:      lightli_arrival_lavapool
D:2:      kennysheep_generic_room_15
D:3:      lemuel_angel_altar, uniq_sigmund, uniq_jessica, uniq_terence
D:4:      lemuel_crystal_altar

Skill      XL: |  1  2  3  4  5  6 |
---------------+-------------------+-----
Stealth        | 2 3 |  3.9
Dodging        | 3 4 |  4.2
Unarmed Combat | 4 |  4.0
Short Blades   | 1 2 |  2.0
Fighting       | |  3.2

Action                   |  1- 3 |  4- 6 || total
-------------------------+-------+-------++-------
Melee: Unarmed           |    82 |       ||    82
       Tailslap          |    14 |    11 ||    25
       Dagger            |    13 |    98 ||   111
       Punch             |     1 |     4 ||     5
  Use: Potion            |       |     3 ||     3
       Scroll            |       |     6 ||     6
 Stab: Sleeping          |     4 |     4 ||     8
  Eat: Chunk             |       |     4 ||     4
Armor: Skin              |    23 |    42 ||    65
Dodge: Dodged            |    50 |    70 ||   120
